 Dungeon Crawl Stone Soup version 0.31.0-9-g3a7656b989 (webtiles) character file.

Game seed: 6733605338872638175

37 qw the Shooter (level 3, -10/18 HPs)
             Began as a Spriggan Hunter on Feb 2, 2024.
             Killed by an exploding bat (25 damage)
             ... ignited by their inner flame
             ... on level 2 of the Dungeon.
             The game lasted 00:00:04 (1172 turns).

qw the Shooter (Spriggan Hunter)                    Turns: 1172, Time: 00:00:05

Health: -10/18     AC:  2    Str:  7    XL:     3   Next: 21%
Magic:  4/4        EV: 19    Int: 10    God:
Gold:   130        SH:  0    Dex: 20    Spells: 2/2 levels left

rFire   . . .        a - +1 shortbow
rCold   . . .        (shield currently unavailable)
rNeg    . . .        c - +0 robe
rPois   .            (helmet restricted)
rElec   .            (no cloak)
rCorr   .            (gloves unavailable)
SInv    +            (boots unavailable)
Will    .....        (no amulet)
Stlth   ++           (no ring)
HPRegen 0.23/turn    (no ring)
MPRegen 0.09/turn

%: no passive effects
@: lethally poisoned (-10 -> -22), very quick
A: very small, no large weapons, unfitting armour, see invisible, speed 3
a: no special abilities


You were on level 2 of the Dungeon.
You visited 1 branch of the dungeon, and saw 2 of its levels.

You collected 130 gold pieces.


Innate Abilities, Weirdness & Mutations

You are very small and have problems with some larger weapons.
You are too small for most types of armour.
You have supernaturally acute eyesight. (SInv)
You cover ground extremely quickly. (Speed+++)


   Skills:
 - Level 1.5 Fighting
 + Level 4.5 Ranged Weapons
 - Level 4.0 Dodging
 - Level 1.5 Stealth


You had 2 spell levels left.
You didn't know any spells.
Your spell library was empty.

Inventory:

Hand Weapons
 a - a +1 shortbow (weapon)
Armour
 c - a +0 robe (worn)
Scrolls
 g - a scroll of teleportation
Potions
 h - a potion of curing

Dungeon Overview and Level Annotations

Branches:
Dungeon (2/15)

Altars:


Message History

The air fills with toxic fumes!
As you read the scroll labelled HASUOGANGE, it crumbles to dust.
It was a scroll of poison.
Partly explored, can't reach some places.
1169 ||| DROPPING potion of invisibility.
You drop a potion of invisibility.
Partly explored, can't reach some places.
1170 ||| DROPPING potion of degeneration.
You drop a potion of degeneration.
Partly explored, can't reach some places.
What level of the Dungeon? (default 2, ? - help) Sorry, I don't know how to get there.
Enter note:
Enter note:
Enter note:
Enter note:
Enter note:
Enter note:
Enter note:
Enter note:
Enter note: You are engulfed in poison gas.
You are poisoned.
You feel very sick.
1172 ||| Stepping ~*~*~tactically~*~*~ (cloud).
You swap places.
You feel sick.
Your bat is engulfed in poison gas.
Your bat is poisoned.
Flame seeps out of your bat.
Your bat is engulfed in poison gas.
Your bat looks even sicker.
Your bat's corpse dissolves into shadows!
Your bat explodes!
The fiery explosion engulfs the bush!!!
The bush is on fire!
The bush is heavily damaged.
The fiery explosion engulfs the bush!!
The bush is on fire!
The bush is moderately damaged.
The fiery explosion engulfs the plant!!
The plant begins to die.
The plant is lightly damaged.
The tree burns like a torch!
The fiery explosion engulfs you!!
Ouch! That really hurt!
You die...

####...#.##.### #...P7..#.....
.##.......#...# #.P.........>.
.P.....#...77.# #.............
.P.#...#.#777¤7 ####.............
...#...#.7 77¤777..#.............
.PP.####.7 7¤¤PP77...............
77P..####777¤¤P¤¤77#.............
.7P.P.####7.7¤¤¤¤w7.........#####
PP7.P.....>.77PP@K7#........#
...777P7P#...7PPP.7##.##..###
..P...7.P#...77P777 #.##...##
...PP...##....77 #..#....#
..########....# #..#....# ..#
####.#######.<.....# ..#
#.........7.77..# ###
########.77..7..# #.77..7..#


You could see a friendly dart slug (summoned, inner flame) and a friendly kobold
(summoned, inner flame).

Vanquished Creatures
  3 ball pythons
  3 endoplasms
  3 giant cockroaches
  4 goblins
  3 hobgoblins
  3 jackals (D:1)
  4 quokkas
  A bat (D:1)
  3 frilled lizards
  A kobold (D:1)
  3 rats
31 creatures vanquished.

Notes
Turn   | Place    | Note
-------+----------+-------------------------------------------
     0 | D:1      | qw the Spriggan Hunter began the quest for the Orb.
     0 | D:1      | Reached XP level 1. HP: 10/10 MP: 2/2
     0 | D:1      | 0 ||| qw: Version: 0.3-a-155-g5e7d8dd
     0 | D:1      | 0 ||| qw: Game counter: 1372
     0 | D:1      | 0 ||| qw: Melee chars always use a shield: true
     0 | D:1      | 0 ||| qw: God list: Okawaru
     0 | D:1      | 0 ||| qw: Allow faded altars: false
     0 | D:1      | 0 ||| qw: Do Orc after clearing Dungeon:15 true
     0 | D:1      | 0 ||| qw: Do second Lair branch before Depths: true
     0 | D:1      | 0 ||| qw: Lair rune preference: random
     0 | D:1      | 0 ||| qw: Goals: Normal
     0 | D:1      | 0 ||| PLANNING D:1-11
    61 | D:1      | Reached skill level 3 in Dodging
   150 | D:1      | Reached XP level 2. HP: 14/14 MP: 3/3
   625 | D:1      | 625 ||| READING 2 scrolls labelled KETUEW YHOXTI.
   628 | D:1      | 628 ||| READING scroll labelled QOSEXIT RIASCH.
   629 | D:1      | 629 ||| READING scroll labelled YRECZE YZANWA.
   629 | D:1      | 629 ||| ENCHANTING +0 shortbow.
   630 | D:1      | 630 ||| READING scroll labelled ZUTULUZOIM.
   630 | D:1      | 630 ||| IDENTIFYING red potion
   631 | D:1      | 631 ||| DROPPING scroll of butterflies.
   632 | D:1      | 632 ||| DROPPING potion of lignification.
   659 | D:2      | 659 ||| STAIRDANCE
   688 | D:2      | 688 ||| FLEEEEING.
   689 | D:2      | 689 ||| FLEEEEING.
   690 | D:2      | 690 ||| FLEEEEING.
   692 | D:2      | 692 ||| FLEEEEING.
   693 | D:2      | 693 ||| FLEEEEING.
   695 | D:2      | 695 ||| STAIRDANCE
   707 | D:1      | 707 ||| DRINKING 2 purple potions.
   710 | D:2      | 710 ||| STAIRDANCE
   722 | D:2      | 722 ||| STAIRDANCE
   728 | D:2      | 728 ||| STAIRDANCE
   731 | D:2      | 731 ||| STAIRDANCE
   758 | D:2      | 758 ||| STAIRDANCE
   776 | D:2      | Reached XP level 3. HP: 18/18 MP: 4/4
  1164 | D:2      | 1164 ||| READING 2 scrolls of identify.
  1164 | D:2      | 1164 ||| IDENTIFYING glowing clear potion
  1165 | D:2      | 1165 ||| READING scroll of identify.
  1165 | D:2      | 1165 ||| IDENTIFYING murky emerald potion
  1166 | D:2      | 1166 ||| READING scroll labelled QADUSY RANELOC.
  1167 | D:2      | 1167 ||| READING scroll labelled WAOCUWNOPT.
  1168 | D:2      | 1168 ||| READING scroll labelled HASUOGANGE.
  1169 | D:2      | 1169 ||| DROPPING potion of invisibility.
  1170 | D:2      | 1170 ||| DROPPING potion of degeneration.
  1172 | D:2      | 1172 ||| Stepping ~*~*~tactically~*~*~ (cloud).
  1172 | D:2      | Killed by an exploding bat... ignited by their inner flame

Levels and vault maps discovered:
D:1:      lightli_arrival_flooded_house, layout_basic
D:2:      layout_rooms, serial_forest, infiniplex_forest_corner_2,
          infiniplex_forest_zigzag_1, infiniplex_forest_clump_double,
          infiniplex_forest_side_room, infiniplex_forest_clump_curved,
          infiniplex_forest_lined_2, minmay_tetromino_t4

Skill      XL: |  1  2 |
---------------+-------+-----
Dodging        | 3 4 |  4.0
Fighting       | |  1.5
Ranged Weapons | |  4.5
Stealth        | |  1.5

Action                     || total
---------------------------++-------
   Fire: Shortbow          ||    86
    Use: Scroll            ||     9
         Potion            ||     1
 Armour: Robe              ||    17
  Dodge: Dodged            ||    52

Table legend:
 A = Non-vault XP
 B = Vault XP
 C = Vault XP percentage of total XP
 D = Non-vault monster count
 E = Vault monster count
 F = Vault count percentage of total count
                 A         B        C        D         E       F
            +---------+---------+-------+---------+---------+-------
      Total |      48 |       5 |   9.4 |      28 |       3 |   9.7
            +---------+---------+-------+---------+---------+-------
        D:1 |      32 |       1 |   3.0 |      18 |       1 |   5.3
        D:2 |      16 |       4 |  20.0 |      10 |       2 |  16.7
            +---------+---------+-------+---------+---------+-------
